 Dungeon Crawl Stone Soup version 0.20-a0-618-gbb8d3ca (webtiles) character file.

8089 Laan the Spear-Bearer (level 11, -13/69 HPs)
             Began as a Gargoyle Fighter on Feb 9, 2017.
             Was a Believer of the Shining One.
             Killed from afar by soberaf's ghost (25 damage)
             ... with an orb of energy
             ... on level 2 of the Lair of Beasts.
             The game lasted 00:27:58 (9112 turns).

Laan the Spear-Bearer (Gargoyle Fighter)            Turns: 9112, Time: 00:27:59

Health: -13/69     AC: 24    Str: 27    XL:     11   Next: 25%
Magic:  20/20      EV:  4    Int: 10    God:    the Shining One [**....]
Gold:   498        SH: 21    Dex:  9    Spells: 10/10 levels left

rFire    . . .     SeeInvis .   a - +0 trident
rCold    + . .     Gourm    .   F - +0 plate armour
rNeg     + + .     Faith    .   i - +2 large shield
rPois    ∞         Spirit   .   L - +2 hat
rElec    +         Reflect  +   w - scarf {rC+}
rCorr    +         Harm     .   A - +0 pair of gloves
MR       .....                  (no boots)
Stlth    ..........             n - +2 amulet of reflection
Regen    0.3/turn               q - ring of magical power
                                r - ring of resist corrosion

@: mighty, glowing
A: negative energy resistance 1, electricity resistance, unbreathing,
petrification resistance, rot immunity, AC +7
a: Divine Shield, Renounce Religion


You were on level 2 of the Lair of Beasts.
You worshipped the Shining One.
The Shining One was pleased with you.
You were not hungry.

You visited 3 branches of the dungeon, and saw 11 of its levels.

You collected 498 gold pieces.

Inventory:

Hand Weapons
 a - a +0 trident (weapon)
 P - a +2 whip of electrocution
Missiles
 l - 2 javelins (quivered)
Armour
 i - a +2 large shield (worn)
 w - a scarf of cold resistance (worn)
 A - a +0 pair of gloves (worn)
 F - a +0 plate armour (worn)
 L - a +2 hat (worn)
Jewellery
 n - a +2 amulet of reflection (around neck)
 q - a ring of magical power (right hand)
 r - a ring of resist corrosion (left hand)
 S - an uncursed ring of protection from fire {unknown}
Wands
 j - a wand of polymorph (14/24)
 k - a wand of iceblast (9/15)
 y - a wand of disintegration (9/24)
 I - a wand of iceblast (4/15)
 U - a wand of iceblast (8/15)
Scrolls
 b - a scroll of immolation {unknown}
 c - 3 scrolls of remove curse
 e - 14 scrolls of identify
 o - a scroll of amnesia
 p - 3 scrolls of teleportation
 B - a scroll of blinking {unknown}
 C - a scroll of enchant armour {unknown}
 E - 3 scrolls of fog {unknown}
 O - a scroll of torment {unknown}
 Q - a scroll of recharging {unknown}
 R - a scroll of fear {unknown}
 T - 2 scrolls of enchant weapon {unknown}
Potions
 d - 3 potions of might
 m - 4 potions of curing
 s - 3 potions of degeneration {unknown}
 u - 3 potions of magic {unknown}
 v - a potion of beneficial mutation {unknown}
 x - 2 potions of flight {unknown}
 z - 2 potions of invisibility {unknown}
 D - a potion of mutation {unknown}
 G - a potion of resistance {unknown}
 H - 2 potions of haste {unknown}
 J - 2 potions of agility {unknown}
 M - 2 potions of cancellation {unknown}
Books
 t - a book of the Dragon

   Spells                             Type                      Level
   a - Flame Tongue                   Conjuration/Fire             1
   b - Cause Fear                     Hexes                        4
   c - Bolt of Fire                   Conjuration/Fire             6
   d - Dragon Form                    Transmutation                7
   e - Dragon's Call                  Summoning                    9
 N - a book of Changes

   Spells                             Type                      Level
   a - Beastly Appendage              Transmutation                1
   b - Sticks to Snakes               Transmutation                2
   c - Spider Form                    Transmutation/Poison         3
   d - Ice Form                       Ice/Transmutation            4
   e - Blade Hands                    Transmutation                5
Comestibles
 f - 9 bread rations
 g - 9 royal jellies
 h - 3 meat rations
 K - 4 fruits


   Skills:
 + Level 8.5 Fighting
 * Level 11.1 Polearms
 + Level 8.4 Armour
 + Level 8.4 Shields


You had 10 spell levels left.
You didn't know any spells.

Dungeon Overview and Level Annotations

Branches:
Dungeon (8/15)             Temple (1/1) D:6            Lair (2/6) D:8
  Swamp: Lair:2-4    Shoals: Lair:2-4     Snake: Lair:2-4    Spider: Lair:2-4

Altars:
Ashenzari
Cheibriados
Dithmenos
Elyvilon
Fedhas
Gozag
Hepliaklqana
Kikubaaqudgha
Makhleb
Okawaru
Qazlal
Ru
Sif Muna
Trog
Uskayaw
Vehumet
Xom
Yredelemnul
Zin
The Shining One

Shops:
D:8 %

Annotations:
Lair:2 soberaf's ghost, journeyman DgCj


Innate Abilities, Weirdness & Mutations

You are resistant to torment.
Your stone body is resilient. (AC +7)
You are immune to poison.
You resist negative energy. (rN+)
You are resistant to electric shocks. (rElec)
You can survive without breathing.
You are immune to petrification.
You are immune to rotting.


Message History

You block soberaf's ghost's attack.
You puncture soberaf's ghost!
Soberaf's ghost is heavily damaged.
You block soberaf's ghost's attack.
You feel very mighty all of a sudden. Soberaf's ghost hits you.
You puncture soberaf's ghost!
Soberaf's ghost is severely damaged.
Soberaf's ghost casts a spell at you. The lance of force hits you!
You are knocked back by the lance of force.
Soberaf's ghost casts a spell at you. The spray of energy hits you!
* * * LOW HITPOINT WARNING * * *
You feel better.
You puncture soberaf's ghost!
Soberaf's ghost is severely damaged.
Soberaf's ghost points at you and mumbles some strange words.
The orb of energy hits you!
You die...

#.#......##....#....P#
##.#.............#...##
..........##....#....#
.#.................# .
...#......P.....P...# ..
###.....P..##.P....#
...######.#.<.<..##....#..).
..............W.............
..............@.............
............................
...........................
.....(.................
.###.+###.....##.##.### ##
#.....# ## ## #....##
##....# #...##


You could see soberaf's ghost.

Vanquished Creatures
  A hydra (Lair:1)
  Pikel (D:8)
  A spiny frog (Lair:1)
  4 blink frogs (Lair:1)
  A hippogriff (Lair:1)
  4 yaks
  Eustachio (D:4)
  A basilisk (Lair:1)
  A human (D:8)
  3 hogs (D:8)
  3 wargs (D:8)
  2 porcupines (Lair:2)
  3 water moccasins (Lair:1)
  2 sky beasts (D:5)
  6 ice beasts
  An orc warrior (D:5)
  An ogre (D:6)
  A centaur (D:5)
  6 bullfrogs
  3 scorpions
  5 killer bees (D:7)
  4 howler monkeys
  6 wights (D:7)
  2 crimson imps
  3 jellies
  3 hounds
  2 bullfrog skeletons
  An orc priest (D:7)
  A centaur skeleton (D:7)
  4 orc wizards (D:8)
  4 iguanas
  4 worker ants
  A killer bee zombie (D:6)
  A hound skeleton (D:6)
  A worker ant zombie (D:6)
  11 gnolls
  10 adders
  A shadow imp (D:5)
  3 adder zombies
  4 worms (D:2)
  A dart slug (D:3)
  3 leopard geckos
  27 orcs
  6 giant cockroaches
  A goblin (D:2)
  8 hobgoblins
  4 jackals (D:3)
  5 kobolds
  4 quokkas
  A ball python (D:4)
  6 bats
  7 frilled lizards
  2 leopard gecko skeletons (D:6)
  9 rats
201 creatures vanquished.

Vanquished Creatures (others)
  Joseph (D:8)
  An orc wizard (D:8)
2 creatures vanquished.

Grand Total: 203 creatures vanquished

Notes
Turn   | Place    | Note
-------+----------+-------------------------------------------
     0 | D:1      | Laan the Gargoyle Fighter began the quest for the Orb.
     0 | D:1      | Reached XP level 1. HP: 14/14 MP: 1/1
   158 | D:1      | Reached skill level 2 in Polearms
   248 | D:1      | Reached XP level 2. HP: 19/19 MP: 2/2
   866 | D:2      | Reached skill level 3 in Polearms
   898 | D:2      | Reached XP level 3. HP: 14/23 MP: 3/3
  1069 | D:2      | Reached XP level 4. HP: 8/28 MP: 4/4
  1412 | D:2      | Reached skill level 4 in Polearms
  1706 | D:2      | Reached XP level 5. HP: 32/32 MP: 5/5
  1729 | D:2      | Found a faded altar of an unknown god.
  1909 | D:3      | Found a blossoming altar of Fedhas.
  2244 | D:3      | Found a burning altar of Makhleb.
  2330 | D:3      | Found an iron altar of Okawaru.
  2590 | D:4      | Reached skill level 5 in Polearms
  2595 | D:4      | Noticed Eustachio
  2959 | D:4      | Killed Eustachio
  2959 | D:4      | Reached skill level 6 in Polearms
  2959 | D:4      | Reached XP level 6. HP: 31/37 MP: 6/6
  3361 | D:4      | Reached XP level 7. HP: 39/41 MP: 7/7
  3510 | D:4      | Found a deep blue altar of Sif Muna.
  3769 | D:5      | Entered Level 5 of the Dungeon
  3841 | D:5      | Reached skill level 7 in Polearms
  4026 | D:5      | Reached XP level 8. HP: 47/48 MP: 8/8
  4979 | D:5      | Reached skill level 5 in Shields
  5024 | D:5      | Reached skill level 5 in Fighting
  5024 | D:5      | Reached skill level 8 in Polearms
  5173 | D:6      | Found a shattered altar of Ashenzari.
  5190 | D:6      | Reached skill level 5 in Armour
  5239 | D:6      | Found a staircase to the Ecumenical Temple.
  5248 | Temple   | Entered the Ecumenical Temple
  5311 | Temple   | Became a worshipper of the Shining One
  5413 | D:6      | Reached XP level 9. HP: 54/54 MP: 9/9
  5513 | D:6      | Found a bloodstained altar of Trog.
  5513 | D:6      | Found a glowing silver altar of Zin.
  5572 | D:6      | Found a shimmering altar of Xom.
  5900 | D:7      | Reached * piety under the Shining One
  6070 | D:7      | Reached skill level 9 in Polearms
  6543 | D:7      | Found a stormy altar of Qazlal.
  6631 | D:8      | Found Lysywirr's Food Boutique.
  6711 | D:8      | Noticed Joseph
  6720 | D:8      | Killed Joseph
  6753 | D:8      | Reached XP level 10. HP: 56/61 MP: 10/10
  6828 | D:8      | Found a hide-covered altar of Uskayaw.
  6851 | D:8      | Noticed Pikel
  6866 | D:8      | Killed Pikel
  6932 | D:8      | Found a staircase to the Lair.
  6989 | D:8      | Reached ** piety under the Shining One
  7149 | D:8      | Reached skill level 10 in Polearms
  7603 | Lair:1   | Entered Level 1 of the Lair of Beasts
  8290 | Lair:1   | Reached XP level 11. HP: 68/68 MP: 11/11
  8453 | Lair:2   | Noticed an eight-headed hydra
  8520 | Lair:1   | Killed an eight-headed hydra
  8520 | Lair:1   | Reached skill level 11 in Polearms
  8861 | Lair:2   | Noticed soberaf's ghost (journeyman DgCj)
  9112 | Lair:2   | Killed from afar by soberaf's ghost

Vault maps used:
D:1:      lordsloth_arrival_two_stooges
D:2:      wad_lake_hut, chequers_ecumenical_altar_twisty
D:3:      okawaru_ov_weapons_minmay, lightli_temple_of_fire,
          nicolae_overflow_crystal_walls, serial_bayou_lagoon_b
D:4:      nicolae_overflow_hidden_temple, uniq_eustachio
D:5:      first_bread
D:6:      evilmike_ruin_ashenzari, marbit_many_paths,
          gammafunk_temple_overflow_wave, minmay_temple_entry_statues_fountains,
          roderic_serpentine_path
D:7:      kennysheep_little_box
D:8:      eat_drink_and_be_merry_uskayaw, erik_lair_orcish_takeover,
          serial_shops, nicolae_shop_statue_plus, grunt_livestock, uniq_pikel,
          uniq_joseph
Temple:   jpeg_temple_alley_garden
Lair:2:   columned_hall_lemuel, uniq_urug, uniq_gastronok

Skill      XL: |  1  2  3  4  5  6  7  8  9 10 11 |
---------------+----------------------------------+-----
Polearms       | 2 3 4 6 7 8 9 10 11 | 11.1
Fighting       | 4 5 6 8 |  8.5
Armour         | 4 5 6 8 |  8.4
Shields        | 4 5 6 8 |  8.4

Action                   |  1- 3 |  4- 6 |  7- 9 | 10-12 || total
-------------------------+-------+-------+-------+-------++-------
Melee: Trident           |   127 |   301 |   533 |   373 ||  1334
  Use: Potion            |       |     1 |       |     5 ||     6
       Scroll            |       |       |     6 |       ||     6
  Eat: Chunk             |     1 |     3 |     5 |     6 ||    15
       Meat ration       |       |     1 |     1 |       ||     2
       Royal jelly       |       |     1 |       |       ||     1
       Fruit             |       |       |       |     3 ||     3
Armor: Scale mail        |    26 |       |       |       ||    26
       Chain mail        |    24 |   194 |    77 |       ||   295
       Plate armour      |       |       |   121 |   202 ||   323
Dodge: Dodged            |    31 |    89 |    46 |    31 ||   197
Block: Shield            |    51 |   173 |    60 |       ||   284
       Large shield      |       |       |   260 |   358 ||   618
       Reflection        |       |       |    12 |     4 ||    16
